 Dungeon Crawl Stone Soup version 0.28-a0-984-g3775c662fe (webtiles) character file.

Game seed: 409800320867664266

3 siradein the Charlatan (level 1, 0/16 HPs)
             Began as a Draconian Artificer on Dec 4, 2021.
             Slain by a kobold (3 damage)
             ... on level 1 of the Dungeon.
             The game lasted 00:00:27 (327 turns).

siradein the Charlatan (Draconian Artificer)         Turns: 327, Time: 00:00:27

Health: 0/16       AC:  4    Str: 14    XL:     1   Next: 41%
Magic:  1/1        EV: 12    Int: 11    God:
Gold:   0          SH:  0    Dex: 11    Spells: 0/0 levels left

rFire   . . .      SeeInvis .   a - +0 club
rCold   . . .      Faith    .   (no shield)
rNeg    . . .      Spirit   .   (armour unavailable)
rPois   .          Reflect  .   (helmet restricted)
rElec   .          Harm     .   (no cloak)
rCorr   .          Rampage  .   (no gloves)
Will    .....                   (no boots)
Stlth   +.........              (no amulet)
HPRegen 0.05/turn               (no ring)
MPRegen 0.07/turn               (no ring)

@: no status effects
A: AC +4, unfitting armour, cold-blooded
a: no special abilities


You were on level 1 of the Dungeon.
You visited 1 branch of the dungeon, and saw 1 of its levels.

Inventory:

Hand Weapons
 a - a +0 club (weapon)
Wands
 b - a wand of flame (15) (quivered)
 c - a wand of charming (15)
Scrolls
 e - a scroll of noise {unknown}
 f - a scroll of vulnerability {unknown}
Miscellaneous
 d - a piece from Xom's chessboard (15/15)


   Skills:
 + Level 1.2 Fighting
 + Level 0.2 Maces & Flails
 + Level 2.1 Dodging
 - Level 0.8 Stealth
 + Level 3.0 Evocations


You couldn't memorise any spells.
You didn't know any spells.
Your spell library contained the following spells:

 Spells                   Type           Power      Damage    Failure   Level
 Ensorcelled Hibernation  Hex/Ice        0%         N/A       47%         2
 Inner Flame              Hex/Fire       0%         N/A       71%         3
 Spider Form              Tmut/Pois      0%         N/A       71%         3
 Cause Fear               Hex            0%         N/A       98%         4
 Discord                  Hex            0%         N/A       100%        8


Dungeon Overview and Level Annotations

Branches:
Dungeon (1/15)

Altars:

Shops:
D:1 !


Innate Abilities, Weirdness & Mutations

Your plain brown scales are hard. (AC +4)
You cannot fit into any form of body armour.
You are cold-blooded and may be slowed by cold attacks.


Message History

The kobold barely misses you.
You hit the kobold.
You kill the kobold!
No target in view!
No target in view!
Found Plog's Distillery.
Things that are here:
a +0 dagger; a kobold corpse
There is an entrance to Plog's Distillery here.
You see here a +0 spear.
Found a ring mail.
Found 26 arrows.
As you open the door, it creaks loudly!
There is an open door here.
A kobold comes into view. It is wielding a +0 short sword.
A kobold is nearby!
A goblin comes into view. It is wielding a +0 club.
Found a faded altar of an unknown god.
The kobold shouts!
The goblin shouts!
You hit the kobold but do no damage. The kobold hits you but does no damage.
You hit the kobold but do no damage.
The kobold hits you with a +0 short sword.
The goblin hits you with a +0 club.
You barely miss the kobold.
The kobold hits you with a +0 short sword.
The goblin closely misses you. The kobold closely misses you.
You are too injured to fight recklessly!
The kobold closely misses you.
You barely miss the goblin. The goblin misses you.
You hit the goblin. You tail-slap the goblin.
You kill the goblin!
The kobold throws a stone.
The stone hits you.
The kobold hits you with a +0 short sword.
* * * LOW HITPOINT WARNING * * *
You see here a +0 club.
You hit the kobold but do no damage. The kobold barely misses you. x2
You closely miss the kobold.
The kobold hits you with a +0 short sword.
You die...

..
########...........###
..
###.....###########.## #
#........# #....# #
..._.....# ###.#### #
#........#####.....### #
#............'..........
#........#####..(.......
#........# #.....###..
..###.#@######.....# #..
..###.#K###........#
................####
................#
................#
................#
..................
#...............###
#...............#


You could see a kobold.

Vanquished Creatures
  A goblin (D:1)
  A ball python (D:1)
  A frilled lizard (D:1)
  A kobold (D:1)
4 creatures vanquished.

Notes
Turn   | Place    | Note
-------+----------+-------------------------------------------
     0 | D:1      | siradein the Draconian Artificer began the quest for the
                  | Orb.
     0 | D:1      | Reached XP level 1. HP: 16/16 MP: 1/1
   219 | D:1      | Found Plog's Distillery.
   315 | D:1      | Found a faded altar of an unknown god.
   327 | D:1      | Slain by a kobold

Illustrated notes

Levels and vault maps discovered:
D:1:      moated_graveyard_arrival, layout_basic, serial_shops, shop,
          basic_ecumenical_altar

Action                   || total
-------------------------++-------
Melee: Club              ||    13
       Tailslap          ||     2
 Stab: Sleeping          ||     1
Armor: Skin              ||     2
Dodge: Dodged            ||     8

Table legend: (Time is in decaauts)
 A = Elapsed time spent in this place.
 B = Non-inter-level travel time spent in this place.
 C = Inter-level travel time spent in this place.
 D = Time resting spent in this place.
 E = Time spent auto-exploring this place.
 F = Levels seen in this place.
 G = Mean time per level.
                   A        B        C        D        E       F      G
               +--------+--------+--------+--------+--------+-----+--------+
         Total |    330 |    330 |      0 |      0 |    285 |   1 |  330.0 |
       Dungeon |    330 |    330 |      0 |      0 |    285 |   1 |  330.0 |
               +--------+--------+--------+--------+--------+-----+--------+

Top non-repeatable levels by time:
     D:1: 330 daAuts
